 Dungeon Crawl Stone Soup version 0.19.1 (webtiles) character file.

7103 Peloso the Carver (level 10, -5/77 HPs)
             Began as a Demonspawn Fighter on Dec 22, 2016.
             Was a Follower of Ashenzari.
             Slain by an eight-headed hydra (7 damage)
             ... on level 1 of the Lair of Beasts.
             The game lasted 00:51:33 (8511 turns).

Peloso the Carver (Demonspawn Fighter)              Turns: 8511, Time: 00:51:34

Health: -5/77      AC: 18    Str: 22    XL:     10   Next: 84%
Magic:  10/10      EV:  7    Int: 15    God:    Ashenzari [*.....]
Gold:   739        SH: 17    Dex: 14    Spells: 0 memorised, 9 levels left

rFire  . . .     SeeInvis +     J - +8 mace of Paeboiha {flame, Fragile rElec Int+6 SInv}
rCold  + . .     Gourm    .     O - +0 plate armour {rC+}
rNeg   + . .     Faith    .     c - +0 shield
rPois  .         Spirit   .     d - +1 hat
rElec  +         Reflect  +     B - +1 cloak
rCorr  .         Harm     .     H - +0 pair of gloves
MR     .....                    (boots unavailable)
Stlth  ..........               x - +6 amulet of reflection
                                v - ring of positive energy
                                y - +3 ring of strength

@: lethally poisoned (-5 -> -18)
A: claws 2, hooves 3, powered by death 2, spiny 1
a: Curse Item, Scrying, Renounce Religion


You were on level 1 of the Lair of Beasts.
You worshipped Ashenzari.
Ashenzari was aware of your devotion.
You were hungry.

You visited 3 branches of the dungeon, and saw 12 of its levels.

You collected 739 gold pieces.

Inventory:

Hand Weapons
 a - a +1 long sword
 J - the +8 mace of Paeboiha (weapon) {flame, Fragile rElec Int+6 SInv}
   (You found it on level 10 of the Dungeon)

   It has been specially enchanted to burn those struck by it, causing extra
   injury to most foes and up to half again as much damage against particularly
   susceptible opponents.
   It affects your intelligence (+6).
   It insulates you from electricity.
   It lets you see invisible.
   It will be destroyed if unequipped.
Armour
 c - a +0 shield (worn)
 d - a +1 hat (worn)
 B - a +1 cloak (worn)
 H - a +0 pair of gloves (worn)
 O - a +0 plate armour of cold resistance (worn)
Jewellery
 b - a +3 amulet of reflection
 g - an uncursed ring of wizardry
 u - an uncursed ring of fire
 v - a ring of positive energy (right hand)
 x - a +6 amulet of reflection (around neck)
 y - a +3 ring of strength (left hand)
Wands
 i - a wand of teleportation (5/9)
 q - a wand of heal wounds (3/9)
 A - a wand of flame (21/48)
 E - a wand of iceblast (9/15)
 F - a wand of iceblast (8/15)
 L - a wand of polymorph (11/24)
 N - a wand of iceblast (4/15)
Scrolls
 e - a scroll of fog
 j - a scroll of blinking
 l - 4 scrolls of enchant weapon
 n - 7 scrolls of remove curse
 p - 12 scrolls of identify
 G - 2 scrolls of magic mapping
 M - a scroll of amnesia
Potions
 h - a potion of flight
 o - 3 potions of curing
 r - a potion of heal wounds
 s - a potion of cancellation
 t - 2 potions of invisibility
 C - 2 potions of brilliance
 D - a potion of magic
Books
 k - a book of Changes

   Spells                             Type                      Level
   a - Beastly Appendage              Transmutation                1
   b - Sticks to Snakes               Transmutation                2
   c - Spider Form                    Transmutation/Poison         3
   d - Ice Form                       Ice/Transmutation            4
   e - Blade Hands                    Transmutation                5
 I - a book of Minor Magic

   Spells                             Type                      Level
   a - Magic Dart                     Conjuration                  1
   b - Blink                          Translocation                2
   c - Call Imp                       Summoning                    2
   d - Repel Missiles                 Charms/Air                   2
   e - Slow                           Hexes                        2
   f - Conjure Flame                  Conjuration/Fire             3
   g - Mephitic Cloud                 Conjuration/Poison/Air       3
Comestibles
 f - 6 bread rations
 m - 8 royal jellies
 w - 2 meat rations
 K - a beef jerky


   Skills:
 + Level 6.5 Fighting
 + Level 9.3 Long Blades
 + Level 7.6 Armour
 + Level 2.9 Dodging
 + Level 1.6 Stealth
 + Level 8.3 Shields
 + Level 0.2 Evocations


You had 9 spell levels left.
You didn't know any spells.

Dungeon Overview and Level Annotations

Branches:
Dungeon (10/15)            Temple (1/1) D:4            Lair (1/6) D:9
    Orc: D:9-12

Altars:
Ashenzari
Cheibriados
Dithmenos
Elyvilon
Fedhas
Gozag
Hepliaklqana
Kikubaaqudgha
Makhleb
Nemelex Xobeh
Okawaru
Qazlal
Ru
Sif Muna
Trog
Uskayaw
Vehumet
Xom
Yredelemnul
Zin
The Shining One

Annotations:
D:9 Maurice


Innate Abilities, Weirdness & Mutations

You have very sharp fingernails.
You have hooves in place of feet.
You regenerate health from kills.
You are partially covered in sharp spines.


Message History

The eight-headed hydra is almost dead.
You block the eight-headed hydra's attack.
The eight-headed hydra bites you but does no damage.
You block the eight-headed hydra's attack.
The eight-headed hydra bites you but does no damage.
The eight-headed hydra bites you!
* * * LOW HITPOINT WARNING * * *
You block the eight-headed hydra's attack.
The eight-headed hydra bites you.
* * * LOW HITPOINT WARNING * * *
The eight-headed hydra bites you but does no damage.
The spiny frog is struck by your spines.
The spiny frog stings you!
* * * LOW HITPOINT WARNING * * *
You are lethally poisoned!
The spiny frog poisons you!
You block the eight-headed hydra's attack.
The eight-headed hydra bites you but does no damage. x2
The eight-headed hydra bites you!
You die...

. #. .....#
####..... #.#..
#....#..........
....
....#...###.#.#
#... ...#..# ####.
##...##+..#..# ##
#............# #
#.##.......# #
##.8.##.....# ##
#.D@..##...(# #.
8.....F>.8####..##
## ..........#
#...# #
.#.....8..# #..##
# ...######## #..#
## +# #..#######.
#..........
#..........
#..........


You could see an eight-headed hydra and a spiny frog.

Vanquished Creatures
  Urug (D:10)
  A hill giant (D:10)
  A manticore (D:10)
  A gargoyle (D:9)
  A queen bee (D:8)
  A hippogriff (D:8)
  A vampire (D:9)
  Grum (D:10)
  Menkaure (D:6)
  Duvessa (D:5)
  2 orc warriors
  2 ice beasts
  An eye of draining (D:9)
  3 wolves (D:10)
  A phantom (D:4)
  4 ogres
  4 centaurs
  A crocodile (D:7)
  A big kobold (D:8)
  The ghost of Promit the Ducker, an amateur SpAK of Lugonu (D:3)
  7 bullfrogs
  A wyvern zombie (D:6)
  Dowan (D:5)
  2 scorpions
  14 killer bees (D:8)
  8 wights
  2 howler monkeys (D:10)
  2 crimson imps (D:9)
  A bullfrog zombie (D:8)
  A centaur zombie (D:9)
  A quasit (D:7)
  2 orc priests
  Crazy Yiuf (D:3)
  A centaur skeleton (D:5)
  4 hounds
  4 iguanas
  8 orc wizards
  8 worker ants
  2 hound skeletons (D:4)
  2 howler monkey skeletons
  A worker ant zombie (D:9)
  9 adders
  A gnoll (D:2)
  6 shadow imps
  2 adder skeletons
  A worm (D:2)
  6 dart slugs
  8 leopard geckos
  35 orcs
  5 giant cockroaches
  A goblin (D:1)
  5 hobgoblins
  8 jackals
  2 quokkas
  3 ball pythons
  3 bats
  5 frilled lizards
  12 kobolds
  2 quokka skeletons
  3 rats
220 creatures vanquished.

Notes
Turn   | Place    | Note
-------+----------+-------------------------------------------
     0 | D:1      | Peloso the Demonspawn Fighter began the quest for the Orb.
     0 | D:1      | Reached XP level 1. HP: 18/18 MP: 1/1
    84 | D:1      | Gained mutation: You regenerate a little health from kills. [demonic ancestry]
    84 | D:1      | Reached XP level 2. HP: 21/24 MP: 2/2
   244 | D:1      | Reached skill level 2 in Long Blades
   525 | D:1      | Gained mutation: You are partially covered in sharp spines. [demonic ancestry]
   525 | D:1      | Reached XP level 3. HP: 28/29 MP: 3/3
  1320 | D:3      | Gained mutation: You have large cloven feet. [demonic ancestry]
  1320 | D:3      | Reached XP level 4. HP: 35/35 MP: 4/4
  1418 | D:3      | Noticed Promit's ghost (amateur SpAK)
  1436 | D:3      | Killed Promit's ghost
  1436 | D:3      | Reached skill level 3 in Long Blades
  1436 | D:3      | Reached XP level 5. HP: 20/41 MP: 5/5
  1833 | D:3      | Found a runed door.
  2167 | D:4      | Gained mutation: You have sharp fingernails. [demonic ancestry]
  2167 | D:4      | Reached XP level 6. HP: 35/47 MP: 6/6
  2171 | D:4      | Reached skill level 1 in Dodging
  2258 | D:4      | Reached skill level 4 in Long Blades
  2323 | D:4      | Found a burning altar of Makhleb.
  2453 | D:4      | Found a staircase to the Ecumenical Temple.
  2462 | Temple   | Entered the Ecumenical Temple
  2744 | D:4      | Gained mutation: You have very sharp fingernails. [demonic ancestry]
  2744 | D:4      | Reached XP level 7. HP: 25/53 MP: 7/7
  3026 | D:5      | Entered Level 5 of the Dungeon
  3065 | D:5      | Found a sacrificial altar of Ru.
  3102 | D:5      | Found an iron altar of Okawaru.
  3102 | D:5      | Found a bloodstained altar of Trog.
  3121 | D:5      | Noticed Duvessa
  3121 | D:5      | Noticed Dowan
  3138 | D:5      | Killed Duvessa
  3151 | D:5      | Killed Dowan
  3151 | D:5      | Reached skill level 5 in Long Blades
  3151 | D:5      | Reached skill level 1 in Stealth
  3229 | D:5      | Found a stormy altar of Qazlal.
  3716 | D:5      | Gained mutation: You have hoof-like feet. [demonic ancestry]
  3716 | D:5      | Reached XP level 8. HP: 53/61 MP: 8/8
  3755 | D:3      | Noticed Crazy Yiuf
  3761 | D:3      | Killed Crazy Yiuf
  4007 | D:6      | Reached skill level 5 in Armour
  4185 | D:6      | Reached skill level 6 in Long Blades
  4280 | D:6      | Reached skill level 5 in Shields
  4312 | D:6      | Noticed Menkaure
  4327 | D:6      | Killed Menkaure
  4529 | D:6      | Found a burning altar of Makhleb.
  4529 | D:6      | Noticed an Executioner
  4701 | D:7      | Gained mutation: You regenerate health from kills. [demonic ancestry]
  4701 | D:7      | Reached XP level 9. HP: 64/67 MP: 9/9
  4722 | D:7      | Found an opulent altar of Gozag.
  5165 | D:7      | Reached skill level 7 in Long Blades
  5300 | D:8      | Found a basalt altar of Yredelemnul.
  5301 | D:8      | Found a shattered altar of Ashenzari.
  5311 | D:8      | Became a worshipper of Ashenzari the Shackled
  5404 | D:8      | Reached skill level 5 in Fighting
  5750 | D:8      | Noticed a queen bee
  5769 | D:8      | Killed a queen bee
  6198 | D:9      | Noticed Maurice
  6329 | D:9      | Reached skill level 8 in Long Blades
  6602 | D:9      | Gained mutation: You have hooves in place of feet. [demonic ancestry]
  6602 | D:9      | Reached XP level 10. HP: 76/76 MP: 10/10
  6730 | D:9      | Noticed a gargoyle
  6737 | D:9      | Killed a gargoyle
  6915 | D:9      | Found a staircase to the Lair.
  7420 | D:10     | Entered Level 10 of the Dungeon
  7530 | D:10     | Got the mace of Paeboiha {flame, Fragile rElec Int+6 SInv}
  7648 | D:10     | Noticed Urug
  7648 | D:10     | Noticed a hill giant
  7660 | D:10     | Killed a hill giant
  7668 | D:10     | Killed Urug
  7668 | D:10     | Reached skill level 9 in Long Blades
  7797 | D:10     | Noticed a manticore
  7804 | D:10     | Killed a manticore
  7814 | D:10     | Noticed Grum
  7830 | D:10     | Killed Grum
  8277 | D:10     | Reached * piety under Ashenzari
  8403 | Lair:1   | Entered Level 1 of the Lair of Beasts
  8503 | Lair:1   | Noticed an eight-headed hydra
  8505 | Lair:1   | Identified the +8 mace of Paeboiha {flame, Fragile rElec Int+6 SInv} (You found it on level 10 of the Dungeon)
  8508 | Lair:1   | Noticed a spiny frog
  8511 | Lair:1   | HP: 2/77 [spiny frog (10)]
  8511 | Lair:1   | Slain by an eight-headed hydra

Skill      XL: |  1  2  3  4  5  6  7  8  9 10 |
---------------+-------------------------------+-----
Shields        | 3 4 5 7 8 |  8.3
Long Blades    | 2 3 4 5 6 8 9 |  9.3
Armour         | 3 4 6 7 |  7.6
Dodging        | 1 2 |  2.9
Fighting       | 4 5 6 |  6.5
Stealth        | 1 |  1.6
Evocations     | |  0.2

Action                   |  1- 3 |  4- 6 |  7- 9 | 10-12 || total
-------------------------+-------+-------+-------+-------++-------
Melee: Long sword        |   107 |   146 |   405 |   191 ||   849
       Kick              |       |    35 |   111 |    76 ||   222
       Mace              |       |       |       |     5 ||     5
Evoke: Wand              |       |       |     4 |       ||     4
  Use: Potion            |       |     1 |     1 |     1 ||     3
       Scroll            |       |       |    24 |       ||    24
 Stab: Invisible         |       |       |     2 |       ||     2
       Paralysed         |       |       |     2 |       ||     2
  Eat: Bread ration      |       |     1 |       |       ||     1
       Chunk             |       |     1 |    13 |     5 ||    19
       Pizza             |       |       |       |     1 ||     1
Armor: Scale mail        |    33 |    60 |     9 |       ||   102
       Chain mail        |       |       |   190 |    44 ||   234
       Plate armour      |       |       |       |    19 ||    19
Dodge: Dodged            |    27 |    30 |    91 |    19 ||   167
Block: Shield            |    56 |    66 |   232 |   153 ||   507
       Reflection        |       |       |       |     7 ||     7
       Rpst.: Long sword |     8 |    11 |    32 |     4 ||    55
